 Dungeon Crawl Stone Soup version 0.30-a0-782-ge64f9170bb (webtiles) character file.

Game seed: 7212077737373979454

16177 Leeroy the Transmogrifier (level 12, -9/69 (77) HPs)
             Began as an Octopode Transmuter on Feb 22, 2023.
             Was a High Priest of Wu Jian.
             Killed by miscasting Storm Form (33 damage)
             ... on level 10 of the Dungeon.
             The game lasted 00:28:50 (12558 turns).

Leeroy the Transmogrifier (Octopode Transmuter)    Turns: 12558, Time: 00:28:50

HP:   -9/69 (77)    AC:  5    Str:  9    XL:     12   Next: 34%
MP:   23/30         EV: 17    Int: 25    God:    Wu Jian [*****.]
Gold: 635           SH:  0    Dex: 20    Spells: 3/23 levels left

rFire   . . .      SeeInvis .      - Unarmed
rCold   . . .      Faith    .    (no shield)
rNeg    . . .      Spirit   .    (helmet restricted)
rPois   +          Reflect  .    c - amulet of regeneration
rElec   .          Harm     .    A - +4 ring of protection
rCorr   +          Rampage  .    E - ring of magical power
Will    .....                    J - +6 ring of dexterity
Stlth   +++                      K - ring "Zurunaw" {rPois rCorr Int+6 Slay+2}
HPRegen 1.11/turn                P - ring of flight
MPRegen 0.22/turn                Q - ring of poison resistance
                                 (no ring)
                                 (no ring)

@: flying, very slightly contaminated, slowed, heavily drained, very slow
A: almost no armour, amphibious, 8 rings, camouflage 1, gelatinous body 1,
(nimble swimmer 1), tentacles
a: Renounce Religion, Wall Jump, Serpent's Lash, Heavenly Storm


You were on level 10 of the Dungeon.
You worshipped Wu Jian.
Wu Jian was extremely pleased with you.
You visited 4 branches of the dungeon, and saw 15 of its levels.
You also visited: Bailey.

You collected 811 gold pieces.
You spent 176 gold pieces at shops.

Inventory:

Hand Weapons
 l - a +0 rapier of speed
 F - the +4 hand axe "Iqydeog" {freeze, rN+ Dex+2}
   (You found it on level 8 of the Dungeon)

   Dex:       It affects your dexterity (+2).
   rN:        It protects you from negative energy.
 N - the +1 dagger "Ivaomicw" {flame, Str+3 Int+2 Dex+2}
   (You took it off an orc wizard on level 9 of the Dungeon)

   Str:       It affects your strength (+3).
   Int:       It affects your intelligence (+2).
   Dex:       It affects your dexterity (+2).
 V - the +6 quarterstaff of Vavvyss {speed, *Rage rC- Str+7}
   (You found it on level 10 of the Dungeon)

   Str:       It affects your strength (+7).
   rC:        It makes you vulnerable to cold.
   *Rage:     It berserks you when you make melee attacks (+20% chance).
Missiles
 q - an atropa-tipped dart (quivered)
 S - 5 boomerangs of dispersal
 U - 15 poisoned darts
Magical Staves
 n - a staff of air
Jewellery
 c - an amulet of regeneration (around mantle)
 g - an amulet of magic regeneration
 y - an amulet of reflection
 A - a +4 ring of protection (left tentacle)
 E - a ring of magical power (right tentacle)
 J - a +6 ring of dexterity (on tentacle)
 K - the ring "Zurunaw" (on tentacle) {rPois rCorr Int+6 Slay+2}
   (You took it off a hobgoblin in a bailey)

   [ring of intelligence]

   Int:       It affects your intelligence (+6).
   Slay:      It affects your accuracy & damage with ranged weapons and melee
   (+2).
   rPois:     It protects you from poison.
   rCorr:     It protects you from acid and corrosion.
 L - an amulet of faith
 P - a ring of flight (on tentacle)
 Q - a ring of poison resistance (on tentacle)
Wands
 s - a wand of flame (10)
 u - a wand of roots (10)
 C - a wand of quicksilver (24)
 D - a wand of polymorph (3)
Scrolls
 f - 5 scrolls of teleportation
 h - 3 scrolls of brand weapon {unknown}
 i - 3 scrolls of vulnerability {unknown}
 k - a scroll of poison {unknown}
 m - 3 scrolls of immolation {unknown}
 p - 9 scrolls of identify
 r - 4 scrolls of enchant weapon {unknown}
 w - a scroll of magic mapping {unknown}
 x - 3 scrolls of enchant armour {unknown}
 G - 2 scrolls of summoning {unknown}
 H - 3 scrolls of fear {unknown}
 I - a scroll of acquirement
 M - a scroll of amnesia {unknown}
 R - 3 scrolls of blinking {unknown}
Potions
 a - 2 potions of lignification
 b - 4 potions of invisibility
 d - 4 potions of mutation {unknown}
 e - 3 potions of might
 j - 3 potions of attraction {unknown}
 o - 6 potions of degeneration {unknown}
 t - 3 potions of curing {unknown}
 v - a potion of ambrosia {unknown}
 z - 2 potions of haste {unknown}
 B - a potion of magic {unknown}
 O - 2 potions of resistance {unknown}
 T - a potion of experience {unknown}
 W - a potion of cancellation {unknown}


   Skills:
 - Level 5.2 Fighting
 - Level 7.0 Dodging
 - Level 8.2 Unarmed Combat
 - Level 6.4 Spellcasting
 - Level 12.4 Transmutations
 - Level 1.3 Ice Magic
 * Level 8.3 Air Magic


You had 3 spell levels left.
You knew the following spells:

 Your Spells              Type           Power      Damage    Failure   Level
a - Beastly Appendage     Tmut           100%       N/A       1%          1
b - Spider Form           Tmut/Pois      39%        N/A       1%          3
c - Blink                 Tloc           16%        N/A       11%         2
d - Ice Form              Ice/Tmut       42%        N/A       4%          4
e - Storm Form            Tmut/Air       28%        N/A       63%         7
f - Frozen Ramparts       Ice            28%        1d5       12%         3

Your spell library contained the following spells:

 Spells                   Type           Power      Damage    Failure   Level
 Wereblood                Tmut           63%        N/A       1%          2
 Cigotuvi's Dreadful Rot  Necr/Pois/Air  42%        N/A       3%          2
 Freeze                   Ice            56%        1d7       4%          1
 Apportation              Tloc           16%        N/A       7%          1
 Foxfire                  Conj/Fire      32%        2x1d5     7%          1
 Necrotise                Necr           32%        1d5       7%          1
 Summon Small Mammal      Summ           32%        N/A       7%          1
 Lesser Beckoning         Tloc           16%        N/A       11%         2
 Momentum Strike          Conj/Tloc      16%        3d8       11%         2
 Hailstorm                Conj/Ice       11%        3d5       16%         3
 Summon Lightning Spire   Summ/Air       28%        N/A       13%         4
 Dispel Undead            Necr           8%         3d8       56%         4
 Fireball                 Conj/Fire      4%         3d4       89%         5
 Death Channel            Necr           4%         N/A       100%        6
 Starburst                Conj/Fire      4%         6d3       100%        6
 Maxwell's Capacitive Co  Air            24%        ∞         100%        8


Dungeon Overview and Level Annotations

Branches:
Dungeon (11/15)            Temple (1/1) D:6            Lair (2/5) D:8
    Orc (1/2) D:10         Bailey (visited)
  Swamp: Lair:2-3    Shoals: Lair:2-3     Snake: Lair:2-3    Spider: Lair:2-3

Altars:
Ashenzari
Cheibriados
Dithmenos
Elyvilon
Fedhas
Gozag
Hepliaklqana
Kikubaaqudgha
Makhleb
Nemelex Xobeh
Okawaru
Qazlal
Ru
Sif Muna
Trog
Uskayaw
Vehumet
Wu Jian
Xom
Yredelemnul
Zin
The Shining One

Shops:
D:4 =   D:5 :   D:6 *

Annotations:
D:3 2 transporters
D:6 1 runed translucent door, rlgrobin's ghost, amateur MeFi
D:10 Josephine
D:11 Erolcha; Fannar


Innate Abilities, Weirdness & Mutations

You cannot wear most types of armour.
You are amphibious.
You can wear up to eight rings at the same time.
Your skin changes colour to match your surroundings (Stealth+).
Your rubbery body absorbs attacks. (AC +1, EV +1)
((You are camouflaged when in or above water. (Stealth+)))
You have tentacles for arms and can constrict up to eight enemies at once.


Message History

The Council accepts your kill. The wraith misses you.
You spin and attack the wraith.
You barely miss the wraith. The wraith closely misses you.
Okay, then.
Cast which spell? (? or * to list)
You blink.
You feel stable enough to blink again.
Josephine says, "I'll make a rug of your skin."
Josephine points at you and mumbles some strange words.
The ghostly flame explodes!
The ghostly fireball engulfs you!
You feel drained.
You hear a shout! x4
You spin and attack the wraith.
You bludgeon the wraith!
The wraith is moderately damaged.
Josephine attacks as you move away! Josephine hits you with a +0 dagger!
You feel yourself speed up.
There is a staircase back to the Dungeon here.
Josephine completely misses you. The wraith hits you.
The wraith drains your vigour!
You feel yourself slow down.
You fly upwards.
Welcome back to the Dungeon!
There is a staircase to the Orcish Mines here.
You barely miss Josephine. You grab Josephine.
You squeeze Josephine, but do no damage.
You constrict Josephine. The wraith hits you. The wraith drains your vigour!
You feel as though you will be slow longer.
Josephine points at you and mumbles some strange words.
The ghostly flame explodes!
The ghostly fireball engulfs you!!
You feel drained.
Ouch! That really hurt!
The ghostly fireball engulfs Josephine.
Josephine completely resists.
The ghostly fireball engulfs the wraith.
The wraith completely resists.
Okay, then.
Casting: Blink (safe; 11% risk of failure)
Confirm with . or Enter, or press ? or * to list all spells.
The spell is astonishingly dangerous to miscast (63% risk of failure)!
Continue anyway?
You miscast Storm Form.
You are very lightly contaminated with residual magic.
You feel a sudden electric shock!!
You die...

#.>.....#.....#<..#.#....
#.......#.....'..........
#<......#.....#...#.#....
#........###'##..........
#.####.....####..........
#.#.....8.....#.......###
#(#[[.........#.......#.#
#...[[................#..
#..8....@....8....#####..
#.......@W........#......
#.#...........#...#......
#######.#.....8.....#...#......
#.......####.....####...#..)...
#..............######...#......
#####.........#.....#...###....
#.........#.....#.....#....
#.........#.....#.....#.)..


You could see Josephine and a wraith.

Vanquished Creatures
  An orc knight (Bailey)
  A cyclops (D:11)
  2 cane toads (Lair:1)
  A komodo dragon (Lair:2)
  A hornet (D:5)
  A troll (D:8)
  Prince Ribbit (D:7)
  12 blink frogs
  Sigmund (D:2)
  2 wyverns
  2 shadows
  4 basilisks
  A vampire (D:10)
  2 vampire mosquitoes (D:11)
  24 yaks
  3 wargs (D:8)
  A water moccasin (Lair:1)
  2 acid dragons
  An ice beast (D:4)
  17 orc warriors
  5 ogres
  6 wolves (Lair:1)
  2 black bears
  4 centaurs
  3 kobold brigands
  A phantom (D:6)
  2 necrophages (D:5)
  5 bullfrogs
  A scorpion (D:4)
  10 wights
  3 killer bees (D:10)
  3 howler monkeys (D:9)
  5 orc priests
  7 hounds
  4 jellies
  3 iguanas
  13 orc wizards
  Ijyb (D:3)
  4 gnolls (Bailey)
  11 adders
  A shadow imp (D:7)
  A white imp (D:5)
  2 ufetubi
  5 dart slugs
  50 orcs
  10 endoplasms
  14 goblins
  11 hobgoblins
  3 quokkas
  8 ball pythons
  7 bats
  2 frilled lizards (D:2)
  20 kobolds
  8 rats
315 creatures vanquished.

Vanquished Creatures (others)
  A giant cockroach (D:4)
  2 plants
  A withered plant (D:9)
4 creatures vanquished.

Grand Total: 319 creatures vanquished

Notes
Turn   | Place    | Note
-------+----------+-------------------------------------------
     0 | D:1      | Leeroy the Octopode Transmuter began the quest for the Orb.
     0 | D:1      | Reached XP level 1. HP: 13/13 MP: 3/3
   174 | D:1      | Reached XP level 2. HP: 18/18 MP: 5/5
   464 | D:1      | Found a faded altar of an unknown god.
   822 | D:2      | Reached XP level 3. HP: 23/23 MP: 6/6
   955 | D:2      | Learned a level 3 spell: Spider Form
   996 | D:2      | Noticed Sigmund
  1010 | D:2      | Killed Sigmund
  1011 | D:2      | Reached skill level 4 in Transmutations
  1011 | D:2      | Reached XP level 4. HP: 27/28 MP: 7/7
  1011 | D:2      | Reached XP level 5. HP: 32/33 MP: 8/8
  1237 | D:2      | Reached skill level 5 in Transmutations
  1622 | D:3      | Reached XP level 6. HP: 14/38 MP: 9/9
  1657 | D:3      | Found a transporter.
  1662 | D:3      | Noticed a kobold demonologist
  1862 | D:3      | Noticed Ijyb
  1875 | D:3      | Killed Ijyb
  2097 | D:3      | Found a transporter.
  2175 | D:3      | Learned a level 2 spell: Blink
  2301 | D:4      | Identified the +4 chain mail of the Blind Marksman {rF+ rC+
                  | Str+3 Slay+3}
  2312 | D:4      | Reached skill level 6 in Transmutations
  2417 | D:4      | Found an ornate altar of the Wu Jian Council.
  2434 | D:4      | Became a worshipper of the Wu Jian Council
  2537 | D:4      | Found Renocw's Jewellery Shop.
  2692 | D:4      | Found a snail-covered altar of Cheibriados.
  2692 | D:4      | Noticed an ice beast
  2735 | D:5      | Entered Level 5 of the Dungeon
  2737 | D:5      | Found Reest's Vocational Training.
  2804 | D:5      | Reached XP level 7. HP: 36/43 MP: 10/10
  2809 | D:5      | Learned a level 4 spell: Ice Form
  2893 | D:5      | Reached skill level 7 in Transmutations
  2984 | D:5      | Reached skill level 8 in Transmutations
  3202 | D:5      | Reached XP level 8. HP: 48/48 MP: 11/11
  3222 | D:5      | Noticed a hornet
  3235 | D:5      | Killed a hornet
  3236 | D:5      | Reached skill level 9 in Transmutations
  3446 | D:6      | Found a runed translucent door.
  3449 | D:6      | Noticed rlgrobin's ghost (amateur MeFi)
  3753 | D:6      | Reached skill level 1 in Ice Magic
  3788 | D:6      | Reached * piety under Wu Jian
  3814 | D:6      | Reached skill level 10 in Transmutations
  4047 | D:6      | Found Esiohano's CLEARANCE SALE!.
  4064 | D:6      | Bought a book of the Sky for 176 gold pieces
  4120 | D:6      | Reached XP level 9. HP: 42/53 MP: 12/12
  4152 | D:6      | Reached skill level 5 in Unarmed Combat
  4180 | D:6      | Found a staircase to the Ecumenical Temple.
  5639 | Temple   | Entered the Ecumenical Temple
  5925 | D:7      | Noticed Prince Ribbit
  5931 | D:7      | Killed Prince Ribbit
  6642 | D:8      | Found a flagged portal.
  6652 | D:8      | Identified the +4 hand axe "Iqydeog" {freeze, rN+ Dex+2}
  6656 | Bailey   | Entered a bailey
  6729 | Bailey   | Reached ** piety under Wu Jian
  6938 | Bailey   | Noticed an orc knight
  6973 | Bailey   | Killed an orc knight
  6974 | Bailey   | Reached XP level 10. HP: 43/63 MP: 13/13
  6980 | Bailey   | Reached skill level 5 in Dodging
  7242 | Bailey   | Identified the ring "Zurunaw" {rPois rCorr Int+6 Slay+2}
  7267 | Bailey   | Noticed an orc warlord
  7712 | D:8      | Found a staircase to the Lair.
  7980 | D:8      | Found a radiant altar of Vehumet.
  8003 | D:8      | Found a hazy altar of Hepliaklqana.
  8005 | D:8      | Found a bloodstained altar of Trog.
  8005 | D:8      | Found a sacrificial altar of Ru.
  8015 | D:8      | Found a shimmering altar of Xom.
  8229 | D:8      | Reached *** piety under Wu Jian
  8230 | D:8      | Reached skill level 5 in Fighting
  8531 | D:9      | Identified the +1 dagger "Ivaomicw" {flame, Str+3 Int+2
                  | Dex+2}
  8618 | D:9      | Found an ancient bone altar of Kikubaaqudgha.
  8669 | D:9      | Learned a level 7 spell: Storm Form
  8681 | D:9      | Found a blossoming altar of Fedhas.
  8795 | D:9      | Noticed a two-headed ogre
  8978 | Lair:1   | Entered Level 1 of the Lair of Beasts
  9019 | Lair:1   | Reached skill level 5 in Spellcasting
  9021 | Lair:1   | Reached XP level 11. HP: 72/72 MP: 19/19
  9222 | Lair:1   | Reached skill level 11 in Transmutations
  9496 | Lair:1   | Reached **** piety under Wu Jian
  9857 | Lair:1   | Reached skill level 12 in Transmutations
 10379 | Lair:2   | Noticed a six-headed hydra
 10413 | Lair:2   | Reached skill level 1 in Air Magic
 10445 | Lair:2   | Noticed a boulder beetle
 10477 | Lair:2   | Learned a level 3 spell: Frozen Ramparts
 10554 | Lair:2   | Noticed a five-headed hydra
 11022 | D:10     | Entered Level 10 of the Dungeon
 11028 | D:10     | Found a staircase to the Orcish Mines.
 11055 | D:10     | Reached skill level 5 in Air Magic
 11070 | D:10     | Reached XP level 12. HP: 77/77 MP: 21/21
 11707 | D:10     | Found a hide-covered altar of Uskayaw.
 11707 | D:10     | Found a glowing golden altar of the Shining One.
 11707 | D:10     | Found a basalt altar of Yredelemnul.
 11885 | D:10     | Identified the +6 quarterstaff of Vavvyss {speed, *Rage rC-
                  | Str+7}
 12094 | D:11     | Noticed Fannar
 12439 | D:11     | Noticed Erolcha
 12464 | Orc:1    | Entered Level 1 of the Orcish Mines
 12474 | Orc:1    | Reached ***** piety under Wu Jian
 12537 | Orc:1    | Noticed Josephine
 12558 | D:10     | Killed by miscasting Storm Form

Illustrated notes

Levels and vault maps discovered:
D:1:      tarquinn_simple_flora_water_c, layout_loops_cross,
          basic_ecumenical_altar
D:2:      layout_basic, minmay_joined_circles, uniq_sigmund
D:3:      gammafunk_wand_slinger, layout_loops_cross, nrook_loot_triangle,
          uniq_ijyb
D:4:      layout_rooms, mainiacjoe_overflow_paths, lemuel_round_altar,
          chequers_serial_rivers_large_b, minmay_shop_enchanted_jewellery
D:5:      layout_rooms, nicolae_shop_vocational
D:6:      layout_cave_pods, minmay_temple_entry_nine_rooms,
          hellmonk_ghost_happy_afterlife, st_stairs_1, nicolae_shop_clearance
D:7:      layout_basic, kennysheep_flooded_box, uniq_prince_ribbit1
D:8:      layout_loops_corners, grunt_temple_overflow_open,
          mainiacjoe_overflow_alcove_1, erik_lair_orcish_takeover,
          enter_bailey_2
D:9:      layout_irregular_city, kiku_gazebo_garden_becter,
          fedhas_bush_and_centaur_altar, st_stairs_11
D:10:     layout_irregular_city, gammafunk_temple_overflow_claw, david_orc_2,
          serial_glass, glass_columns_a, glass_columns_a
D:11:     layout_stronghold, grunt_ministairs_8, amcnicky_mini_corridor_feature,
          minmay_misc_feat_encased, uniq_erolcha, uniq_fannar
Temple:   jpeg_temple_alley_garden
Lair:1:   layout_regular_city
Lair:2:   layout_misc_corridors, shoals_dummy_entry,
          minmay_snake_entry_guardpost_small, forest_entry_grove
Orc:1:    layout_caves, basic_altar, uniq_josephine

Skill      XL: |  1  2  3  4  5  6  7  8  9 10 11 12 |
---------------+-------------------------------------+-----
Unarmed Combat | 4 8 |  8.2
Transmutations | 4 5 6 8 10 12 | 12.4
Ice Magic      | 1 |  1.3
Fighting       | 3 5 |  5.2
Dodging        | 4 7 |  7.0
Spellcasting   | 5 6 |  6.4
Air Magic      | 5 8 |  8.3

Action                     |  1- 3 |  4- 6 |  7- 9 | 10-12 || total
---------------------------+-------+-------+-------+-------++-------
  Melee: Unarmed           |    55 |       |    86 |   554 ||   695
         Constrict         |    19 |    30 |    37 |    20 ||   106
         Tentacles         |    20 |    26 |    78 |    18 ||   142
         Punch             |     1 |     5 |    15 |     7 ||    28
         Kick              |     1 |       |       |       ||     1
         Rapier            |    12 |   121 |   249 |    13 ||   395
  Throw: Dart              |       |       |       |     3 ||     3
   Cast: Beastly Appendage |     1 |       |       |       ||     1
         Ice Form          |       |       |     4 |    26 ||    30
         Spider Form       |       |       |     7 |     9 ||    16
         Blink             |       |       |     1 |     2 ||     3
Ability: Lunge             |       |       |    20 |    31 ||    51
         Whirlwind         |       |       |    20 |   125 ||   145
         Wall Jump         |       |       |       |    11 ||    11
  Evoke: Wand              |       |       |     4 |    13 ||    17
    Use: Scroll            |       |       |       |     2 ||     2
   Stab: Sleeping          |     5 |     7 |     4 |     4 ||    20
         Distracted        |       |       |       |     2 ||     2
 Armour: Skin              |     5 |     3 |    59 |    97 ||   164
  Dodge: Dodged            |    45 |    52 |   197 |   324 ||   618

Table legend: (Time is in decaauts)
 A = Elapsed time spent in this place.
 B = Non-inter-level travel time spent in this place.
 C = Inter-level travel time spent in this place.
 D = Time resting spent in this place.
 E = Time spent auto-exploring this place.
 F = Levels seen in this place.
 G = Mean time per level.
                   A        B        C        D        E       F      G
               +--------+--------+--------+--------+--------+-----+--------+
         Total |  12421 |  11668 |    753 |   1845 |   6843 |  16 |  776.3 |
       Dungeon |   9581 |   8927 |    654 |   1071 |   5891 |  11 |  871.0 |
        Temple |    231 |    177 |     54 |      0 |    171 |   1 |  231.0 |
          Lair |   1628 |   1583 |     45 |    498 |    652 |   2 |  814.0 |
  Orcish Mines |     94 |     94 |      0 |      5 |     28 |   1 |   94.0 |
        Bailey |    886 |    886 |      0 |    271 |    101 |   1 |  886.0 |
               +--------+--------+--------+--------+--------+-----+--------+

Top non-repeatable levels by time:
  Lair:1: 1397 daAuts
     D:6: 1273 daAuts
     D:7: 1148 daAuts
     D:8: 968 daAuts
    D:10: 953 daAuts
     D:5: 922 daAuts
  Bailey: 886 daAuts
     D:2: 866 daAuts
     D:9: 865 daAuts
     D:1: 754 daAuts
     D:3: 724 daAuts
     D:4: 622 daAuts
    D:11: 481 daAuts
  Temple: 231 daAuts
  Lair:2: 230 daAuts
